 Dungeon Crawl Stone Soup version 0.27.1 (webtiles) character file.

Game seed: 8263894641973701517

77 MajorAdolf the Firebug (level 4, -5/38 HPs)
             Began as a Naga Wanderer on Aug 22, 2021.
             Slain by a black bear (8 damage)
             ... on level 2 of the Dungeon.
             The game lasted 00:04:23 (3649 turns).

MajorAdolf the Firebug (Naga Wanderer)              Turns: 3649, Time: 00:04:23

Health: -5/38      AC:  1    Str: 17    XL:     4   Next: 34%
Magic:  6/7        EV:  9    Int: 14    God:
Gold:   114        SH:  0    Dex:  7    Spells: 6/7 levels left

rFire    . . .     SeeInvis +   a - +0 club
rCold    . . .     Faith    .   (no shield)
rNeg     . . .     Spirit   .   (no armour)
rPois    +         Reflect  .   (no helmet)
rElec    .         Harm     .   (no cloak)
rCorr    .         Rampage  .   (no gloves)
Will     .....                  (no barding)
Stlth    +.........             (no amulet)
HPRegen  0.12/turn              (no ring)
MPRegen  0.10/turn              (no ring)

@: very slightly contaminated, very slow
A: AC +1, large, see invisible, deformed body, poison resistance, slowness 2,
spit poison 1, naga tail 1
a: Spit Poison


You were on level 2 of the Dungeon.
You visited 1 branch of the dungeon, and saw 3 of its levels.

You collected 114 gold pieces.

Inventory:

Hand Weapons
 a - a +0 club (weapon)
Armour
 c - a +0 kite shield
Jewellery
 i - a +6 ring of strength
Wands
 h - a wand of iceblast (14)
Scrolls
 f - a scroll of noise
 g - a scroll of identify
Potions
 b - a potion of brilliance
 d - a potion of haste {unknown}


   Skills:
 - Level 1.0 Fighting
 - Level 1.0 Bows
 - Level 2.4 Armour
 - Level 1.5 Shields
 - Level 2.1 Spellcasting
 + Level 2.5 Conjurations
 - Level 1.0 Hexes
 + Level 2.5 Fire Magic


You had 6 spell levels left.
You knew the following spells:

 Your Spells              Type           Power      Damage    Failure   Level
a - Foxfire               Conj/Fire      32%        2x1d5     9%          1

Your spell library contained the following spells:

 Spells                   Type           Power      Damage    Failure   Level
 Corona                   Hex            4%         N/A       16%         1
 Beastly Appendage        Tmut           2%         N/A       24%         1
 Conjure Flame            Conj/Fire      8%         6-21      26%         3
 Ensorcelled Hibernation  Hex/Ice        4%         N/A       28%         2
 Tukima's Dance           Hex            4%         N/A       43%         3
 Mephitic Cloud           Conj/Pois/Air  3%         N/A       45%         3
 Gell's Gravitas          Tloc           0%         N/A       56%         3
 Lesser Beckoning         Tloc           0%         N/A       56%         3
 Teleport Other           Tloc           1%         N/A       56%         3
 Ice Form                 Ice/Tmut       1%         N/A       93%         4
 Dragon Form              Tmut           0%         N/A       100%        7


Dungeon Overview and Level Annotations

Branches:
Dungeon (3/15)

Altars:


Innate Abilities, Weirdness & Mutations

Your serpentine skin is tough. (AC +1)
You have supernaturally acute eyesight. (SInv)
Armour fits poorly on your strangely shaped body.
Your system is resistant to poisons. (rPois)
You cover ground very slowly.
You can spit poison.
You have a snake-like lower body.


Message History

The black bear growls angrily.
You hear an angry hiss.
The ball python hisses angrily.
Found 23 poisoned darts.
Found a stone staircase leading up.
There is a stone staircase leading up here.
Unknown command.
The black bear bites you! The black bear claws you. x2
The bat barely misses you.
You climb upwards.
There is a stone staircase leading down here.
Unknown command.
You miscast Foxfire.
You are very lightly contaminated with residual magic.
Nothing appears to happen.
The black bear barely misses you. The black bear claws you. x2
Unknown command.
Okay, then.
As you read the scroll labelled ZUOPHANIH, it crumbles to dust.
The scroll dissolves into smoke.
It was a scroll of fog.
The black bear bites you.
The black bear claws you but does no damage.
The black bear claws you.
As you read the scroll labelled DUANAARPH VAGIP, it crumbles to dust.
You hear a loud clanging noise!
It was a scroll of noise.
The black bear bites you. The black bear claws you.
* * * LOW HITPOINT WARNING * * *
The black bear closely misses you.
As you read the scroll labelled VAUWKU TAFF, it crumbles to dust.
It is a scroll of identify.
b - a potion of brilliance The black bear bites you.
* * * LOW HITPOINT WARNING * * *
The black bear claws you.
* * * LOW HITPOINT WARNING * * *
The black bear closely misses you. The black bear bites you.
* * * LOW HITPOINT WARNING * * *
The black bear barely misses you. x2
You are too injured to fight recklessly!
The black bear bites you!
You die...

#.......# #..........#
# #######.#
#..........# # #.#
#..........# # #.#
#..........#######
##.###..........(......
#......###############.
#...§§§# ## #...§§§# #
#..§§§@# #..§§h§#
#.†§§§§# ##'#########
#.#.......# #.##.####.#
#.##.# #.# #.##.# #.#
#.##.# #.#


You could see a black bear.

Vanquished Creatures
  3 adders (D:2)
  2 worms (D:2)
  2 dart slugs (D:1)
  8 endoplasms
  2 giant cockroaches (D:2)
  2 goblins
  4 hobgoblins
  3 quokkas
  A ball python (D:1)
  4 bats
  3 frilled lizards
  A kobold (D:2)
  5 rats
40 creatures vanquished.

Vanquished Creatures (others)
  145 foxfires
145 creatures vanquished.

Grand Total: 185 creatures vanquished

Notes
Turn   | Place    | Note
-------+----------+-------------------------------------------
     0 | D:1      | MajorAdolf the Naga Wanderer began the quest for the Orb.
     0 | D:1      | MajorAdolf set off with the following items: a +0 club, a
                  | +0 ring mail, a +0 kite shield; and the following spell
                  | memorised: Foxfire; and the following spells available to
                  | memorise: Conjure Flame
     0 | D:1      | Reached XP level 1. HP: 18/18 MP: 3/3
    48 | D:1      | Found a faded altar of an unknown god.
   426 | D:1      | Reached XP level 2. HP: 25/25 MP: 3/5
   452 | D:1      | Reached skill level 1 in Conjurations
   494 | D:1      | Reached skill level 1 in Fire Magic
  1619 | D:2      | Reached XP level 3. HP: 31/31 MP: 6/6
  2497 | D:2      | Reached XP level 4. HP: 15/38 MP: 2/7
  3014 | D:2      | Got Sif Muna's Tome of Intoxication and Transmigration
  3640 | D:3      | Noticed a black bear
  3649 | D:2      | Slain by a black bear

Illustrated notes

Levels and vault maps discovered:
D:1:      dpeg_arrival_more_subterranean_lakeside_camping, layout_loops_ring,
          shapermc_ecumenical_altar_gd
D:2:      layout_basic, minmay_joined_circles
D:3:      layout_loops_ring, mainiacjoe_overflow_brackets, uniq_jessica,
          uniq_grinder

Skill      XL: |  1  2  3 |
---------------+----------+-----
Conjurations   | 1 2 |  2.5
Fire Magic     | 1 2 |  2.5
Fighting       | |  1.0
Bows           | |  1.0
Armour         | |  2.4
Shields        | |  1.5
Spellcasting   | |  2.1
Hexes          | |  1.0

Action                   |  1- 3 |  4- 6 || total
-------------------------+-------+-------++-------
Melee: Club              |     1 |     3 ||     4
 Cast: Foxfire           |    41 |    44 ||    85
 Abil: Spit Poison       |     5 |     3 ||     8
  Use: Scroll            |       |     3 ||     3
Armor: Skin              |       |     8 ||     8
Dodge: Dodged            |    17 |    27 ||    44
